 Dungeon Crawl Stone Soup version 0.22-a0-445-g8c8ef71062 (webtiles) character file.

228 Ordine the Insei (level 5, -3/40 HPs)
             Began as a Draconian Transmuter on June 2, 2018.
             Killed by divine providence
             ... invoked by an orc priest
              (16 damage)
             ... on level 3 of the Dungeon.
             The game lasted 00:05:45 (2499 turns).

Ordine the Insei (Draconian Transmuter)             Turns: 2499, Time: 00:05:45

Health: -3/40      AC:  2    Str: 12    XL:     5   Next: 71%
Magic:  5/8        EV: 19    Int: 14    God:
Gold:   99         SH:  0    Dex: 17    Spells: 1/8 levels left

rFire    . . .     SeeInvis +     - Unarmed
rCold    . . .     Gourm    .   (shield currently unavailable)
rNeg     . . .     Faith    .   (armour unavailable)
rPois    x         Spirit   .   (helmet currently unavailable)
rElec    .         Reflect  .   (cloak currently unavailable)
rCorr    .         Harm     .   (gloves currently unavailable)
MR       .....                  (boots currently unavailable)
Stlth    ++........             (no amulet)
HPRegen  0.13/turn              k - ring of see invisible
MPRegen  0.11/turn              (no ring)

@: spider-form
A: tiny, unfitting armour, AC +5
a: End Transformation


You were on level 3 of the Dungeon.
You were not hungry.
You were a venomous arachnid creature.
You visited 1 branch of the dungeon, and saw 3 of its levels.

You collected 99 gold pieces.

Inventory:

Armour
 m - a +0 pair of boots (melded)
Jewellery
 k - a ring of see invisible (left front leg)
Scrolls
 b - a scroll of magic mapping
 g - 2 scrolls of teleportation
Potions
 a - 4 potions of heal wounds
 d - 3 potions of lignification
 e - a potion of might {unknown}
 f - 2 potions of ambrosia {unknown}
 h - 2 potions of agility
 j - 2 potions of berserk rage {unknown}
 l - a potion of curing {unknown}
Comestibles
 c - 6 rations
 i - 3 chunks of flesh


   Skills:
 - Level 1.1 Fighting
 - Level 1.7 Dodging
 * Level 5.7 Unarmed Combat
 - Level 2.0 Spellcasting
 + Level 3.5 Transmutations


You had one spell level left.
You knew the following spells:

 Your Spells              Type           Power        Failure   Level  Hunger
a - Spider Form           Tmut/Pois      #.........   56%         3    ####...
b - Ice Form              Ice/Tmut       #.......     89%         4    #####..

Your spell library contained the following spells:

 Spells                   Type           Power        Failure   Level  Hunger
 Blade Hands              Tmut           ##........   94%         5    ######.
 Sticks to Snakes         Tmut           ##......     22%         2    ###....
 Beastly Appendage        Tmut           ##....       16%         1    ##.....


Dungeon Overview and Level Annotations

Branches:
Dungeon (3/15)

Altars:


Innate Abilities, Weirdness & Mutations

((Your plain brown scales are hard. (AC +5)))
You cannot fit into any form of body armour.
((You are cold-blooded and may be slowed by cold attacks.))


Message History

Your +0 pair of boots melds into your body.
The orc misses you.
You barely miss the orc.
The orc priest mumbles some strange prayers to Beogh against you.
Beogh smites you!
You are too injured to fight recklessly!
You are too injured to fight recklessly!
You are too injured to fight recklessly!
You bite the orc!
You kill the orc!
You hit the orc priest.
The orc priest is poisoned.
The orc priest is lightly wounded.
The orc priest calls down the wrath of Beogh upon you.
Pain shoots through your body!
You hit the orc priest.
The orc priest looks as sick as possible!
The orc priest is heavily wounded.
The orc priest calls down the wrath of Beogh upon you.
Beogh smites you!
You die...

.# #.# # #.# #. ... .
..# #.# # #. #.# #.#
#..##%###o# #.#
#....%..s)# #.#
#........# #.#
########)# #.# #.# #.#
#.# ###.# #.# ....#
##.# .#.##### ##..#
.......########...####


You could see an orc priest.

Vanquished Creatures
  An ogre (D:3)
  An orc priest (D:3)
  3 adders
  5 worms (D:2)
  4 leopard geckos
  5 orcs (D:3)
  6 bats
  3 giant cockroaches
  6 goblins
  2 hobgoblins (D:2)
  9 jackals (D:2)
  3 kobolds
  A quokka (D:2)
  A ball python (D:2)
  5 frilled lizards
  5 rats
60 creatures vanquished.

Notes
Turn   | Place    | Note
-------+----------+-------------------------------------------
     0 | D:1      | Ordine the Draconian Transmuter began the quest for the Orb.
     0 | D:1      | Reached XP level 1. HP: 16/16 MP: 3/3
   129 | D:1      | Reached XP level 2. HP: 23/23 MP: 5/5
   833 | D:2      | Reached skill level 4 in Unarmed Combat
   833 | D:2      | Reached XP level 3. HP: 28/28 MP: 6/6
   936 | D:2      | Learned a level 3 spell: Spider Form
  1419 | D:2      | Reached XP level 4. HP: 34/35 MP: 7/7
  1883 | D:3      | Learned a level 4 spell: Ice Form
  1967 | D:3      | Reached skill level 5 in Unarmed Combat
  2355 | D:3      | Reached XP level 5. HP: 40/40 MP: 8/8
  2463 | D:3      | Noticed an ogre
  2470 | D:3      | Killed an ogre
  2499 | D:3      | Killed from afar by an orc priest

Vault maps used:
D:1:      lightli_arrival_noodles
D:2:      first_ration

Skill      XL: |  1  2  3  4 |
---------------+-------------+-----
Unarmed Combat | 4 5 |  5.7
Transmutations | 3 |  3.5
Fighting       | |  1.1
Dodging        | |  1.7
Spellcasting   | |  2.0

Action                   |  1- 3 |  4- 6 || total
-------------------------+-------+-------++-------
Melee: Unarmed           |   139 |    62 ||   201
       Tailslap          |    15 |     2 ||    17
       Punch             |     3 |       ||     3
 Cast: Spider Form       |       |     5 ||     5
  Use: Scroll            |     7 |     4 ||    11
       Potion            |     1 |       ||     1
 Stab: Sleeping          |     1 |       ||     1
  Eat: Chunk             |     2 |     4 ||     6
Armor: Skin              |    34 |    10 ||    44
Dodge: Dodged            |    91 |    38 ||   129

Table legend:
 A = Spawn XP
 B = Non-spawn XP
 C = Spawn XP percentage of total XP
 D = Spawn monster count
 E = Non-spawn monster count
 F = Spawn count percentage of total count
 G = Total turns spent on level
                    A         B        C        D         E        F      G
               +---------+---------+-------+---------+---------+-------+---------
         Total |       0 |     327 |   0.0 |       0 |      60 |   0.0 |  2499
               +---------+---------+-------+---------+---------+-------+---------
           D:1 |       0 |      22 |   0.0 |       0 |      12 |   0.0 |   496
           D:2 |       0 |      98 |   0.0 |       0 |      33 |   0.0 |  1349
           D:3 |       0 |     207 |   0.0 |       0 |      15 |   0.0 |   654
               +---------+---------+-------+---------+---------+-------+---------
